 Dungeon Crawl Stone Soup version 0.17-a0-1421-g95311d7 (webtiles) character file.

164 urechis the Twirler (level 5, 0/32 HPs)
             Began as a Tengu Gladiator on June 24, 2015.
             Slain by an orc
             ... wielding a +2 flail of protection
              (5 damage)
             ... on level 3 of the Dungeon.
             The game lasted 00:04:41 (2563 turns).

urechis the Twirler (Tengu Gladiator)               Turns: 2563, Time: 00:04:41

Health: 0/32       AC:  3    Str: 16    XL:     5   Next: 45%
Magic:  6/6        EV: 14    Int:  8    God:
Gold:   95         SH:  0    Dex: 15    Spells: 0 memorised, 4 levels left

rFire  . . .     SeeInvis .     a - +0 quarterstaff
rCold  . . .     Clarity  .     b - +0 leather armour
rNeg   . . .     SustAt   .     (no shield)
rPois  .         Gourm    .     c - +0 hat
rElec  .         Spirit   .     (no cloak)
rCorr  .         Warding  .     (no gloves)
rMut   .         Stasis   .     (boots unavailable)
MR     .....                    (no amulet)
Stlth  +.........               (no ring)
                                (no ring)

@: not resistant to hostile enchantments, very unstealthy
A: beak, talons 3, able to fly 1
a: Fly


You were on level 3 of the Dungeon.
You were not hungry.

You visited 1 branch of the dungeon, and saw 3 of its levels.

You collected 95 gold pieces.

Inventory:

Hand weapons
 a - a +0 quarterstaff (weapon)
Missiles
 d - 3 throwing nets (quivered)
Armour
 b - a +0 leather armour (worn)
 c - a +0 hat (worn)
Jewellery
 o - an uncursed amulet of clarity {unknown}
Scrolls
 f - 3 scrolls of identify {unknown}
 g - 4 scrolls of recharging {unknown}
 h - 4 scrolls of fear {unknown}
 j - a scroll of magic mapping {unknown}
 k - a scroll of enchant armour {unknown}
 l - a scroll of remove curse {unknown}
Potions
 i - a potion of agility {unknown}
Comestibles
 e - 2 bread rations
 m - a meat ration


   Skills:
 + Level 3.0 Fighting
 * Level 5.3 Staves
 - Level 2.1 Throwing
 + Level 4.2 Dodging


You had 4 spell levels left.
You didn't know any spells.

Dungeon Overview and Level Annotations

Branches:
Dungeon (3/15)

Altars:
Gozag
Nemelex Xobeh
Qazlal
Ru

Annotations:
D:3 Sigmund


Innate Abilities, Weirdness & Mutations

You have a beak for a mouth.
You have claws for feet.
You can fly.


Message History

The orc completely misses you. The hobgoblin closely misses you.
The orc barely misses you. The hobgoblin closely misses you.
You see here a ring mail.
You thump the orc! You claw the orc.
You kill the orc!
You hit the orc. Your kick misses the orc.
The orc is heavily wounded.
The orc closely misses you.
You barely miss the orc. You claw the orc, but do no damage.
Your peck misses the orc.
The orc is heavily wounded.
The orc misses you.
You hit the orc. Your peck misses the orc.
The orc is almost dead.
The orc closely misses you.
You barely miss the orc. You claw the orc, but do no damage.
The orc is almost dead.
The orc hits you with a flail of protection.
You die...

........ ..........
#........##
#.........##
##..........
........... #.......#.#
####### #.....).#@#
#.....#
#..<..o.#o#######.###.#
#......g[g........# #.#
#.......#########.###.#
+.......# #.....#
#.......# ###.###
####.#### #.# #.
##########.# #.
#..........#


You could see an orc and a hobgoblin.

Vanquished Creatures
  An orc priest (D:3)
  An orc wizard (D:3)
  2 adders
  2 oozes
  2 worms (D:3)
  7 orcs (D:3)
  A ball python (D:3)
  4 giant cockroaches
  11 hobgoblins
  6 jackals
  10 kobolds
  9 bats
  2 giant geckos
  A giant newt (D:2)
  4 goblins
  4 rats
67 creatures vanquished.

Notes
Turn   | Place    | Note
--------------------------------------------------------------
     0 | D:1      | urechis the Tengu Gladiator began the quest for the Orb.
     0 | D:1      | Reached XP level 1. HP: 12/12 MP: 2/2
    40 | D:1      | Reached XP level 2. HP: 8/17 MP: 3/3
   361 | D:1      | Reached XP level 3. HP: 7/22 MP: 4/4
   899 | D:2      | Reached skill level 4 in Staves
   908 | D:2      | Found an opulent altar of Gozag.
   908 | D:2      | Found a sparkling altar of Nemelex Xobeh.
  1131 | D:2      | You fall through a shaft!
  1136 | D:3      | Reached XP level 4. HP: 19/27 MP: 5/5
  1330 | D:3      | Noticed Sigmund
  1817 | D:2      | Gained mutation: You can fly. [Tengu growth]
  1817 | D:2      | Reached XP level 5. HP: 27/32 MP: 6/6
  1941 | D:2      | Found a stormy altar of Qazlal.
  1953 | D:2      | Reached skill level 5 in Staves
  2263 | D:3      | Found a sacrificial altar of Ru.
  2563 | D:3      | Slain by an orc

Vault maps used:
D:1:      shiori_shiawase
D:2:      lemuel_round_altar, grunt_temple_overflow_opulence
D:3:      nicolae_overflow_crystal_walls, gammafunk_temple_overflow_pools,
          uniq_sigmund

Action                   |  1- 3 |  4- 6 || total
-------------------------+-------+-------++-------
Melee: Quarterstaff      |    73 |    96 ||   169
 Stab: Sleeping          |       |     1 ||     1
  Eat: Chunk             |     1 |     4 ||     5
